 Dungeon Crawl Stone Soup version 0.23-a0-484-g29ba69c (webtiles) character file.

7 Lavandula the Sneak (level 2, 0/17 HPs)
             Began as a Halfling Enchanter on Nov 30, 2018.
             Slain by an adder (2 damage)
             ... on level 2 of the Dungeon.
             The game lasted 00:01:51 (280 turns).

Lavandula the Sneak (Halfling Enchanter)             Turns: 280, Time: 00:01:51

Health: 0/17       AC:  2    Str:  9    XL:     2   Next: 10%
Magic:  3/4        EV: 15    Int: 13    God:
Gold:   16         SH:  0    Dex: 14    Spells: 3/4 levels left

rFire    . . .     SeeInvis .   a - +1 dagger
rCold    . . .     Gourm    .   (shield restricted)
rNeg     . . .     Faith    .   b - +0 robe
rPois    .         Spirit   .   (no helmet)
rElec    .         Reflect  .   (no cloak)
rCorr    .         Harm     .   (no gloves)
MR       .....                  (no boots)
Stlth    ++........             (no amulet)
HPRegen  0.05/turn              (no ring)
MPRegen  0.09/turn              (no ring)

@: lethally poisoned (0 -> -6), hasted, very quick
A: small, mutation resistance 1
a: no special abilities


You were on level 2 of the Dungeon.
You were not hungry.

You visited 1 branch of the dungeon, and saw 2 of its levels.

You collected 16 gold pieces.

Inventory:

Hand Weapons
 a - a +1 dagger (weapon)
Missiles
 e - 19 stones (quivered)
 f - 26 arrows
 g - 34 poisoned needles
Armour
 b - a +0 robe (worn)
Scrolls
 h - a scroll of identify {unknown}
 j - a scroll of remove curse {unknown}
Potions
 i - a potion of berserk rage {unknown}
Comestibles
 d - 2 rations


   Skills:
 + Level 1.6 Short Blades
 + Level 2.2 Dodging
 + Level 3.5 Stealth
 + Level 1.6 Spellcasting
 + Level 2.5 Hexes


You had 3 spell levels left.
You knew the following spells:

 Your Spells              Type           Power        Failure   Level  Hunger
a - Corona                Hex            #......      10%         1    ##.....

Your spell library contained the following spells:

 Spells                   Type           Power        Failure   Level  Hunger
 Ensorcelled Hibernation  Hex/Ice        #.....       24%         2    ###....
 Confuse                  Hex            #.......     28%         3    ####...
 Tukima's Dance           Hex            #.......     28%         3    ####...
 Dazzling Spray           Conj/Hex       #.....       43%         3    ####...


Dungeon Overview and Level Annotations

Branches:
Dungeon (2/15)

Altars:
Ashenzari


Innate Abilities, Weirdness & Mutations

You are small and have problems with some larger weapons.
You are somewhat resistant to further mutation.


Message History

You closely miss the adder. The adder closely misses you.
You hit the adder.
The adder is lightly wounded.
The adder misses you.
You barely miss the adder.
The adder is lightly wounded.
The adder closely misses you.
You barely miss the adder.
The adder is lightly wounded.
The adder barely misses you. The adder misses you.
You hit the adder.
The adder is heavily wounded.
The adder bites you.
* * * LOW HITPOINT WARNING * * *
You are lethally poisoned!
The adder poisons you!
It was a potion of haste.
You feel yourself speed up.
* * * LOW HITPOINT WARNING * * *
You feel sick. The adder bites you.
You die...

... #.# #.#
.#######.# ..###
........## #...#
########.###..#.#
#######.#.#.#)#
...# ##.##_#<#
#####.####.##.#.#
#..>.@.....#....#
#.###S###.......#
#.# #..#....######
.................#
...###..#########.#
##### #..# #..#
#..# #..


You could see an adder.

Vanquished Creatures
  A goblin (D:2)
  3 hobgoblins (D:1)
  A bat (D:1)
  A frilled lizard (D:1)
  A kobold (D:1)
7 creatures vanquished.

Notes
Turn   | Place    | Note
-------+----------+-------------------------------------------
     0 | D:1      | Lavandula the Halfling Enchanter began the quest for the
                  | Orb.
     0 | D:1      | Reached XP level 1. HP: 11/11 MP: 3/3
   224 | D:1      | Reached XP level 2. HP: 5/17 MP: 2/4
   245 | D:2      | Found a shattered altar of Ashenzari.
   280 | D:2      | Slain by an adder

Vault maps used:
D:1:      dpeg_arrival_stone_temple_mockup, minmay_misc_feat_tower,
          minmay_split_cup_large
D:2:      overflow_temple_1_default, chequers_ecumenical_altar_simple,
          uniq_jessica, uniq_crazy_yiuf_cottage

Action                   || total
-------------------------++-------
Melee: Dagger            ||    25
Throw: Stone             ||     5
 Cast: Corona            ||     4
  Use: Potion            ||     1
 Stab: Sleeping          ||     4
Dodge: Dodged            ||    16

Table legend:
 A = Non-vault XP
 B = Vault XP
 C = Vault XP percentage of total XP
 D = Non-vault monster count
 E = Vault monster count
 F = Vault count percentage of total count
                 A         B        C        D         E       F
            +---------+---------+-------+---------+---------+-------
      Total |      11 |       0 |   0.0 |       7 |       0 |   0.0
            +---------+---------+-------+---------+---------+-------
        D:1 |       9 |       0 |   0.0 |       6 |       0 |   0.0
        D:2 |       2 |       0 |   0.0 |       1 |       0 |   0.0
            +---------+---------+-------+---------+---------+-------
